 Dungeon Crawl Stone Soup version 0.28.0-53-g5a82cb258f (webtiles) character file.

Game seed: 10825839275327512872

11 spiderkeys the Ducker (level 2, -1/18 HPs)
             Began as a Deep Elf Abyssal Knight on June 10, 2022.
             Was a Follower of Lugonu.
             Slain by a kobold
             ... wielding a +0 dagger
              (2 damage)
             ... on level 2 of the Dungeon.
             The game lasted 00:00:32 (468 turns).

spiderkeys the Ducker (Deep Elf Abyssal Knight)      Turns: 468, Time: 00:00:33

Health: -1/18      AC:  3    Str: 10    XL:     2   Next: 13%
Magic:  5/5        EV: 12    Int: 14    God:    Lugonu [*.....]
Gold:   37         SH:  0    Dex: 15    Spells: 3/3 levels left

rFire   . . .      SeeInvis .   a - +1 spear
rCold   . . .      Faith    .   (no shield)
rNeg    . . .      Spirit   .   b - +0 leather armour
rPois   .          Reflect  .   (no helmet)
rElec   .          Harm     .   (no cloak)
rCorr   .          Rampage  .   (no gloves)
Will    .....                   (no boots)
Stlth   +.........              (no amulet)
HPRegen 0.06/turn               (no ring)
MPRegen 0.09/turn               (no ring)

@: no status effects
A: no striking features
a: Renounce Religion, Depart the Abyss


You were on level 2 of the Dungeon.
You worshipped Lugonu.
Lugonu was aware of your devotion.
You visited 1 branch of the dungeon, and saw 2 of its levels.
You visited the Abyss 1 time.

You collected 37 gold pieces.


   Skills:
 + Level 2.5 Fighting
 - Level 1.3 Polearms
 - Level 0.7 Armour
 + Level 2.7 Dodging
 + Level 1.1 Spellcasting
 + Level 2.2 Invocations


You had 3 spell levels left.
You didn't know any spells.
Your spell library was empty.

Inventory:

Hand Weapons
 a - a +1 spear (weapon)
Missiles
 d - 4 stones
Armour
 b - a +0 leather armour (worn)
Scrolls
 e - a scroll of teleportation {unknown}
Potions
 c - a potion of mutation {unknown}

Dungeon Overview and Level Annotations

Branches:
Dungeon (1/15)

Altars:

#####
##..[.##
##.!....##
#........#
#.(......#
#BB......#
#KBB.....#
##@B....##
##B...##
.#### .#
.# .. ##


You could see 6 giant cockroaches and a kobold.


Message History

The giant cockroach bites you.
The giant cockroach barely misses you. x2
The giant cockroach closely misses you. 😕 HP[-1]
You take 1 damage, and now have 12/13 hp.
You hit the giant cockroach. You punch the giant cockroach.
You kill the giant cockroach!
Lugonu accepts your kill. The giant cockroach closely misses you.
The giant cockroach barely misses you.
The giant cockroach bites you but does no damage.
The giant cockroach closely misses you. The kobold hits you with a +0 dagger.
The giant cockroach bites you. The giant cockroach misses you.
The giant cockroach closely misses you. 😮 HP[-3]
You take 3 damage, and now have 9/13 hp.
MASSIVE DAMAGE!! (PAUSE)
You hit the giant cockroach. The giant cockroach misses you.
The giant cockroach barely misses you. The giant cockroach closely misses you.
The giant cockroach bites you but does no damage.
The kobold hits you but does no damage.
You hit the giant cockroach.
You kill the giant cockroach!
Lugonu accepts your kill. The giant cockroach misses you.
The giant cockroach bites you.
The giant cockroach bites you but does no damage.
The kobold barely misses you.
Your Spellcasting skill increases to level 1!
You have reached level 2! 😮 HP[+2] MP[+1]
You now have 18 max hp (+5).
You regained 2 hp, and now have 11/18 hp.
Your mp is fully restored (5).
You hit the giant cockroach but do no damage.
The giant cockroach bites you but does no damage. x2
The giant cockroach barely misses you. The giant cockroach closely misses you.
The kobold hits you with a +0 dagger.
* * * LOW HITPOINT WARNING * * *
😨 HP[-3]
You take 3 damage, and now have 8/18 hp.
You barely miss the giant cockroach.
The giant cockroach bites you but does no damage.
The giant cockroach closely misses you.
The giant cockroach bites you but does no damage.
The giant cockroach closely misses you.
The giant cockroach waves its antennae.
The kobold hits you but does no damage.
The giant cockroach completely misses you.
The giant cockroach bites you.
* * * LOW HITPOINT WARNING * * *
The giant cockroach waves its antennae.
The giant cockroach barely misses you. x2 😨 HP[-2]
You take 2 damage, and now have 6/18 hp.
You hit the giant cockroach.
You kill the giant cockroach!
Lugonu accepts your kill. The giant cockroach closely misses you.
The giant cockroach barely misses you. The giant cockroach bites you.
* * * LOW HITPOINT WARNING * * *
The kobold closely misses you.
The giant cockroach bites you but does no damage. 😱 HP[-2]
You take 2 damage, and now have 4/18 hp.
Unknown command.
You completely miss the giant cockroach.
The giant cockroach closely misses you. The giant cockroach misses you.
The giant cockroach closely misses you.
The giant cockroach bites you but does no damage.
The kobold hits you but does no damage.
You hit the giant cockroach. The giant cockroach closely misses you.
The giant cockroach bites you but does no damage.
The giant cockroach closely misses you. The giant cockroach misses you.
The kobold hits you but does no damage.
You hit the giant cockroach.
You kill the giant cockroach!
Lugonu accepts your kill. The giant cockroach misses you.
The giant cockroach barely misses you. The giant cockroach closely misses you.
The kobold hits you but does no damage. The giant cockroach closely misses you.
The giant cockroach barely misses you.
The giant cockroach bites you but does no damage.
The giant cockroach closely misses you.
You hit the giant cockroach. The kobold barely misses you.
The giant cockroach closely misses you. The giant cockroach misses you.
The giant cockroach barely misses you. The giant cockroach bites you.
* * * LOW HITPOINT WARNING * * *
Unknown command.
You hit the giant cockroach but do no damage.
The giant cockroach barely misses you. The giant cockroach bites you.
* * * LOW HITPOINT WARNING * * *
The giant cockroach barely misses you. The giant cockroach closely misses you.
The kobold hits you with a +0 dagger.
* * * LOW HITPOINT WARNING * * *
😱 HP[-3]
You take 3 damage, and now have 1/18 hp.
You hit the giant cockroach.
You kill the giant cockroach!
Lugonu accepts your kill. The giant cockroach closely misses you.
The giant cockroach bites you but does no damage.
The giant cockroach closely misses you. The kobold hits you with a +0 dagger.
You die...

Skill      XL: |  1 |
---------------+----+-----
Spellcasting   | 1 |  1.1
Fighting       | |  2.5
Polearms       | |  1.3
Armour         | |  0.7
Dodging        | |  2.7
Invocations    | |  2.2

Action                   || total
-------------------------++-------
Melee: Spear             ||    29
       Punch             ||     2
Armor: Leather armour    ||    22
Dodge: Dodged            ||    52

Levels and vault maps discovered:
D:1:      scummos_arrival_simple_fountains, layout_basic
D:2:      minmay_roachtagon, layout_rooms, minmay_fountain_box,
          guppyfry_early_orc_mine

Notes
Turn   | Place    | Note
-------+----------+-------------------------------------------
     0 | Abyss:1  | spiderkeys the Deep Elf Abyssal Knight began the quest for
                  | the Orb.
     0 | Abyss:1  | Reached XP level 1. HP: 13/13 MP: 4/4
     0 | Abyss:1  | magus.rc [v1.11.3]
    22 | D:1      | You pass through the gate.
    22 | D:1      | Escaped the Abyss
   453 | D:1      | You fall into a shaft and drop 1 floor!
   460 | D:2      | Reached skill level 1 in Spellcasting
   460 | D:2      | Reached XP level 2. HP: 11/18 MP: 5/5
   462 | D:2      | HP: 4/18 [giant cockroach (2)]
   467 | D:2      | HP: 2/18 [giant cockroach (2)]
   468 | D:2      | Slain by a kobold

Vanquished Creatures
  6 giant cockroaches
  A kobold (D:1)
  A ball python (D:1)
  A bat (D:1)
  A frilled lizard (D:1)
  A rat (D:1)
11 creatures vanquished.

Table legend:
 A = Non-vault XP
 B = Vault XP
 C = Vault XP percentage of total XP
 D = Non-vault monster count
 E = Vault monster count
 F = Vault count percentage of total count
                 A         B        C        D         E       F
            +---------+---------+-------+---------+---------+-------
      Total |       8 |      10 |  55.6 |       6 |       5 |  45.5
            +---------+---------+-------+---------+---------+-------
        D:1 |       8 |       0 |   0.0 |       6 |       0 |   0.0
        D:2 |       0 |      10 | 100.0 |       0 |       5 | 100.0
            +---------+---------+-------+---------+---------+-------

Illustrated notes

Table legend:
 A = Kills in this place as a percentage of kills in entire the game.
 B = Kills by you in this place as a percentage of kills by you in the entire game.
 C = Kills by friends in this place as a percentage of kills by friends in the entire game.
 D = Other kills in this place as a percentage of other kills in the entire game.
 E = Experience gained in this place as a percentage of experience gained in the entire game.
 F = Experience gained in this place divided by the number of levels of this place that you have seen.
                   A       B       C       D       E      F
               +-------+-------+-------+-------+-------+----------------------
         Total | 100.0 | 100.0 |   N/A |   N/A | 100.0 |   6.0
       Dungeon | 100.0 | 100.0 |   N/A |   N/A | 100.0 |   9.0
               +-------+-------+-------+-------+-------+----------------------

Table legend: (Time is in decaauts)
 A = Elapsed time spent in this place.
 B = Non-inter-level travel time spent in this place.
 C = Inter-level travel time spent in this place.
 D = Time resting spent in this place.
 E = Time spent auto-exploring this place.
 F = Levels seen in this place.
 G = Mean time per level.
                   A        B        C        D        E       F      G
               +--------+--------+--------+--------+--------+-----+--------+
         Total |    468 |    468 |      0 |      0 |    401 |   3 |  156.0 |
       Dungeon |    446 |    446 |      0 |      0 |    388 |   2 |  223.0 |
         Abyss |     22 |     22 |      0 |      0 |     13 |   1 |   22.0 |
               +--------+--------+--------+--------+--------+-----+--------+

Top non-repeatable levels by time:
     D:1: 431 daAuts
 Abyss:1: 22 daAuts
     D:2: 15 daAuts
